 Dungeon Crawl Stone Soup version 0.30-a0-883-g5ad918d77d (webtiles) character file.

Game seed: 4757542501228565725

98440 FexLirch the Brawler (level 15, -2/228 HPs)
             Began as a Troll Berserker on Mar 17, 2023.
             Was a High Priest of Trog.
             Slain by a nagaraja
             ... wielding a +0 spear
              (30 damage)
             ... on level 2 of the Snake Pit.
             The game lasted 00:51:34 (18548 turns).

FexLirch the Brawler (Troll Berserker)             Turns: 18548, Time: 00:51:35

Health: -2/228     AC: 14    Str: 41    XL:     15   Next: 74%
Magic:  14/14      EV: 12    Int:  7    God:    Trog [*****.]
Gold:   1534       SH:  0    Dex: 11    Spells: 14/14 levels left

rFire   + . .      SeeInvis +      - Unarmed
rCold   + + .      Faith    .    R - orb {light}
rNeg    . . .      Spirit   .    O - +0 swamp dragon scales
rPois   +          Reflect  .    M - +1 hat of Integrity {rElec Will+++ Stlth+}
rElec   +          Rampage  .    c - +2 cloak of the Thief {*Fog Slay-2 SInv Stlth+}
rCorr   .                        (gloves unavailable)
Will    +++++                    (boots unavailable) Stlth
                                 m - amulet of regeneration
HPRegen 3.18/turn                y - +6 ring of strength
MPRegen 0.14/turn                o - ring "Gekotax" {rF+ rC++ Int+4 Dex+2}

@: berserking, strong-willed, regenerating, glowing, very quick
A: large, unfitting armour, claws 3, regeneration 1, shaggy fur 1, tough skin 1
a: Renounce Religion, Berserk, Trog's Hand, Brothers in Arms


You were on level 2 of the Snake Pit.
You worshipped Trog.
Trog was extremely pleased with you.
You visited 5 branches of the dungeon, and saw 22 of its levels.

You collected 3218 gold pieces.
You spent 1684 gold pieces at shops.

Inventory:

Missiles
 i - 4 javelins
 q - 26 poisoned darts
 u - 10 boomerangs
 S - 15 large rocks (quivered)
 V - 3 silver boomerangs
 Z - 5 curare-tipped darts
Armour
 c - the +2 cloak of the Thief (worn) {*Fog Slay-2 SInv Stlth+}
   (You acquired it on level 2 of the Orcish Mines)

   *Fog:      It may release a thick cloud of smoke when the wearer is hurt.
   Slay:      It affects your accuracy & damage with ranged weapons and melee
   (-2).
   SInv:      It lets you see invisible.
   Stlth:     It makes you more stealthy.
 n - a +1 tower shield of reflection
 E - a +1 cloak of preservation
 M - the +1 hat of Integrity (worn) {rElec Will+++ Stlth+}
   (You acquired it on level 1 of the Snake Pit)

   rElec:     It insulates you from electricity.
   Will:      It greatly increases your willpower.
   Stlth:     It makes you more stealthy.
 O - +0 swamp dragon scales (worn)
 R - an orb of light (worn)
 X - a +2 troll leather armour
Jewellery
 a - the ring of Scepticism {Fly rPois rF- Str+6 SInv}
   (You found it on level 12 of the Dungeon)

   [ring of see invisible]

   Str:       It affects your strength (+6).
   rF:        It makes you vulnerable to fire.
   rPois:     It protects you from poison.
   SInv:      It lets you see invisible.
   Fly:       It grants you flight.
 m - an amulet of regeneration (around neck)
 o - the ring "Gekotax" (right claw) {rF+ rC++ Int+4 Dex+2}
   (You found it on level 4 of the Lair of Beasts)

   [ring of protection from fire]

   Int:       It affects your intelligence (+4).
   Dex:       It affects your dexterity (+2).
   rF:        It protects you from fire.
   rC:        It greatly protects you from cold.
 y - a +6 ring of strength (left claw)
 B - a +4 ring of protection
 I - a ring of protection from cold
 P - a ring of poison resistance
Wands
 v - a wand of roots (9)
 z - a wand of quicksilver (10)
 F - a wand of mindburst (11)
 G - a wand of paralysis (6)
 L - a wand of flame (53)
Scrolls
 b - 4 scrolls of immolation
 d - a scroll of vulnerability {unknown}
 f - 2 scrolls of blinking
 j - 3 scrolls of brand weapon
 s - a scroll of enchant armour {unknown}
 w - 3 scrolls of fear
 x - 4 scrolls of enchant weapon
 A - a scroll of butterflies {unknown}
 D - a scroll of torment {unknown}
 H - 8 scrolls of teleportation
 N - 4 scrolls of fog
 W - 2 scrolls of magic mapping
Potions
 e - 5 potions of might
 g - 4 potions of haste
 h - 3 potions of ambrosia
 k - 16 potions of curing
 l - 7 potions of resistance
 p - 6 potions of lignification
 r - a potion of brilliance {unknown}
 t - 2 potions of cancellation {unknown}
 C - 8 potions of heal wounds
 J - a potion of berserk rage {unknown}
 K - 3 potions of flight {unknown}
 Q - 4 potions of magic
 T - 2 potions of mutation {unknown}
 U - a potion of attraction {unknown}
Miscellaneous
 Y - a box of beasts


   Skills:
 + Level 10.5 Fighting
 + Level 11.0 Throwing
 + Level 3.8 Armour
 - Level 9.6 Dodging
 + Level 2.5 Shields
 + Level 19.9 Unarmed Combat


You had 14 spell levels left.
You didn't know any spells.
Your spell library was empty.

Dungeon Overview and Level Annotations

Branches:
Dungeon (12/15)            Temple (0/1) D:4            Lair (5/5) D:9
  Swamp (1/4) Lair:3        Snake (2/4) Lair:3        Slime (0/5) Lair:4
    Orc (2/2) D:11            Elf (0/3) Orc:2

Altars:
Cheibriados
Fedhas
Hepliaklqana
Makhleb
Sif Muna
Trog
Uskayaw
Vehumet
Wu Jian
Xom
Zin
The Shining One
Jiyva

Shops:
D:12 [   Orc:1 =   Orc:2 ?=:==?   Snake:2 :

Annotations:
D:12 1 exclusion
Swamp:1 Aizul


Innate Abilities, Weirdness & Mutations

You are too large for most types of armour.
You have claws for hands.
Your natural rate of healing is unusually fast.
You are covered in fur. (AC +1)
You have tough skin. (AC +1)


Message History

The naga misses you. The naga warrior barely misses you.
The naga warrior hits your ogre with a +0 war axe!
The naga warrior constricts you.
Okay, then.
A red film seems to cover your vision as you go berserk!
You feel yourself moving faster!
You feel mighty!
Your ogre barely misses the naga warrior.
The naga hits you from afar with a +0 halberd!!!
With a swish of your cloak, you release a cloud of fog.
The naga warrior spits poison at you.
The splash of poison hits you but does no damage.
You resist. The naga warrior constricts you.
The naga warrior blocks your attack.
The naga warrior is almost dead.
The naga warrior blocks your ogre's attack.
You eviscerate the naga warrior!!!
You kill the naga warrior!
Trog accepts your kill.
The naga hits you from afar with a +0 trident!
Things that are here:
a +0 war axe; a +2 tower shield of reflection; a naga corpse You scratch the nagaraja.
The nagaraja is lightly wounded.
The naga hits you from afar with a +0 trident!!
You mangle the nagaraja!!
The nagaraja is moderately wounded.
The naga hits you from afar with a +0 halberd!!
* * * LOW HITPOINT WARNING * * *
You mangle the nagaraja!!
The nagaraja is heavily wounded.
You barely miss the nagaraja.
The nagaraja is heavily wounded.
Your ogre rages.
The naga hits you from afar with a +0 trident.
* * * LOW HITPOINT WARNING * * *
The naga hits you from afar with a +0 halberd!!
* * * LOW HITPOINT WARNING * * *
With a swish of your cloak, you release a cloud of fog.
The nagaraja hits you from afar with a +0 spear!!
You die...

....#)...........##.....##.## ##.
.................'...⌠...'..###..
.........##.....####...###...#...
##########..##### #...# ##.#....
##.# #.>.# ##....#
##########..###### #...# #....##
...#..........§§§###...###..####
..............§§§ONN.⌠...+..
..............§§@##N....##..
#####..#######§§## N..##.. #..#
#§.# N##..# #####..#######§§# #
.................
..................
.................
################


You could see a nagaraja (strong, ally target) and a friendly ogre (summoned,
berserk).

Vanquished Creatures
  5 hydras
  3 salamander tyrants (Snake:2)
  A boulder beetle (D:11)
  4 ogre magi (Orc:2)
  A centaur warrior (D:11)
  4 catoblepae
  16 two-headed ogres
  2 anacondas
  A naga sharpshooter (Snake:1)
  9 naga warriors
  2 alligators (Swamp:1)
  12 death yaks
  A shock serpent (Snake:1)
  2 orc high priests
  A spriggan (Lair:3)
  A skyshark (Lair:3)
  A bog body (Lair:3)
  A naga ritualist (Snake:1)
  A flayed ghost (D:12)
  3 orc knights
  A necromancer (Lair:4)
  A mana viper (Snake:1)
  2 ugly things (D:11)
  4 manticores
  2 orc sorcerers
  10 salamanders
  3 cyclopes
  7 elephants
  Joseph (D:8)
  19 black mambas
  A guardian serpent (Snake:2)
  3 naga magi
  Maggie (D:9)
  An unseen horror (D:10)
  4 rime drakes
  5 komodo dragons
  2 kobold demonologists (D:12)
  14 cane toads
  A polar bear (Lair:5)
  3 trolls
  Grinder (D:3)
  2 hornets
  12 blink frogs
  8 slime creatures (D:12)
  3 shadows (D:12)
  5 wraiths
  A vampire (D:10)
  41 yaks
  8 wyverns
  3 fire bats (D:12)
  A basilisk (Lair:1)
  6 steam dragons
  13 vampire mosquitoes
  The ghost of Pimp the Vexing, an amateur FoWn (D:4)
  2 wargs
  An acid dragon (D:8)
  13 nagas
  13 water moccasins
  A swamp worm (Lair:3)
  16 orc warriors
  2 black bears (D:5)
  4 boggarts (Lair:3)
  28 ogres
  6 wolves (Lair:3)
  4 centaurs
  A phantom (D:5)
  3 kobold brigands
  9 bullfrogs
  A gnoll sergeant (D:9)
  6 scorpions
  The ghost of Allyalt the Poker, a weakling MfBe of Trog (D:4)
  10 killer bees
  An electric eel (Lair:3)
  5 howler monkeys
  3 hounds
  Crazy Yiuf (D:5)
  19 orc priests
  2 hell rats (D:9)
  36 orc wizards
  Ijyb (D:4)
  5 iguanas
  2 yak simulacra (Lair:4)
  3 polar bear simulacra (Lair:4)
  5 wolf simulacra (Lair:4)
  8 gnolls
  2 river rats (D:9)
  9 adders
  A shadow imp (D:6)
  2 white imps (D:7)
  3 worms
  2 dart slugs
  100 orcs
  2 ball pythons
  4 endoplasms
  3 giant cockroaches
  8 goblins
  4 hobgoblins
  4 jackals (D:3)
  8 quokkas
  13 bats
  8 frilled lizards
  18 kobolds
  2 rats
  A river rat simulacrum (Lair:4)
  A butterfly (Lair:1)
668 creatures vanquished.

Vanquished Creatures (collateral kills)
  2 hydras
  A two-headed ogre (Orc:2)
  A polar bear (Lair:5)
  3 yaks (Lair:5)
  An ogre (Orc:2)
8 creatures vanquished.

Vanquished Creatures (others)
  10 fungi
  18 plants
28 creatures vanquished.

Grand Total: 704 creatures vanquished

Notes
Turn   | Place    | Note
-------+----------+-------------------------------------------
     0 | D:1      | FexLirch the Troll Berserker began the quest for the Orb.
     0 | D:1      | Reached XP level 1. HP: 22/22 MP: 0/0
   270 | D:1      | Reached XP level 2. HP: 29/29 MP: 1/1
   774 | D:2      | Reached skill level 4 in Unarmed Combat
   885 | D:2      | Reached XP level 3. HP: 34/36 MP: 2/2
   977 | D:2      | Reached XP level 4. HP: 44/44 MP: 3/3
  1016 | D:2      | Reached skill level 5 in Unarmed Combat
  1215 | D:2      | Reached ** piety under Trog
  1305 | D:2      | Found a glowing golden altar of the Shining One.
  1735 | D:3      | Noticed a scorpion
  1743 | D:3      | Killed a scorpion
  1744 | D:3      | Reached XP level 5. HP: 42/50 MP: 4/4
  1956 | D:3      | Noticed Grinder
  1969 | D:3      | Killed Grinder
  1970 | D:3      | Reached skill level 7 in Unarmed Combat
  1970 | D:3      | Reached XP level 6. HP: 21/59 MP: 5/5
  2156 | D:4      | Found a staircase to the Ecumenical Temple.
  2192 | D:4      | Reached skill level 8 in Unarmed Combat
  2243 | D:4      | Reached XP level 7. HP: 65/66 MP: 6/6
  2288 | D:4      | Noticed Ijyb
  2297 | D:4      | Killed Ijyb
  2349 | D:4      | Found a runed translucent gate.
  2350 | D:4      | Found a runed translucent gate.
  2351 | D:4      | Found a runed translucent gate.
  2353 | D:4      | Noticed Allyalt's ghost (weakling MfBe)
  2354 | D:4      | Noticed Pimp's ghost (amateur FoWn)
  2462 | D:4      | Found a bloodstained altar of Trog.
  2676 | D:4      | Found a snail-covered altar of Cheibriados.
  3013 | D:4      | Reached *** piety under Trog
  3075 | D:4      | Killed Pimp's ghost
  3076 | D:4      | Killed Allyalt's ghost
  3077 | D:4      | Reached skill level 9 in Unarmed Combat
  3143 | D:5      | Entered Level 5 of the Dungeon
  3311 | D:5      | Reached XP level 8. HP: 74/74 MP: 7/7
  3374 | D:5      | Reached skill level 10 in Unarmed Combat
  3529 | D:5      | Found a runed translucent door.
  3530 | D:5      | Noticed Crazy Yiuf
  3539 | D:5      | Killed Crazy Yiuf
  3703 | D:5      | Found a shimmering altar of Xom.
  3765 | D:5      | Reached skill level 11 in Unarmed Combat
  4169 | D:6      | Reached skill level 12 in Unarmed Combat
  4169 | D:6      | Reached XP level 9. HP: 67/80 MP: 8/8
  4429 | D:6      | Reached **** piety under Trog
  4777 | D:7      | Found an ornate altar of the Wu Jian Council.
  4857 | D:7      | Reached skill level 13 in Unarmed Combat
  5228 | D:7      | Found a hide-covered altar of Uskayaw.
  5589 | D:8      | Reached skill level 14 in Unarmed Combat
  5591 | D:8      | Noticed Joseph
  5604 | D:8      | Killed Joseph
  5734 | D:8      | Reached XP level 10. HP: 86/88 MP: 9/9
  5750 | D:8      | Found a glowing golden altar of the Shining One.
  6325 | D:9      | Noticed Maggie
  6344 | D:9      | Killed Maggie
  6487 | D:9      | Found a staircase to the Lair.
  6493 | D:9      | Noticed a death yak
  6495 | D:9      | Reached skill level 15 in Unarmed Combat
  6495 | D:9      | Noticed a death yak
  6495 | D:9      | Noticed a death yak
  6791 | D:9      | Found a radiant altar of Vehumet.
  6851 | D:10     | Entered Level 10 of the Dungeon
  7028 | D:10     | Reached skill level 16 in Unarmed Combat
  7612 | D:11     | Noticed a cyclops
  7629 | D:11     | Killed a cyclops
  7807 | D:11     | Noticed a purple ugly thing
  7859 | D:11     | Noticed a two-headed ogre
  7865 | D:11     | Killed a two-headed ogre
  7866 | D:11     | Reached skill level 1 in Throwing
  7886 | D:11     | Noticed a cyclops
  7890 | D:11     | Reached XP level 11. HP: 59/96 MP: 10/10
  7932 | D:11     | Noticed a brown ugly thing
  7941 | D:11     | Killed a brown ugly thing
  7985 | D:11     | Killed a purple ugly thing
  8003 | D:11     | Reached ***** piety under Trog
  8038 | D:11     | Found a staircase to the Orcish Mines.
  8132 | D:11     | Noticed a boulder beetle
  8270 | D:11     | Killed a boulder beetle
  8496 | D:12     | Found a shimmering blue altar of Sif Muna.
  8521 | D:12     | Found a blossoming altar of Fedhas.
  8528 | D:12     | Found a runed translucent door.
  8528 | D:12     | Noticed a flayed ghost
  8528 | D:12     | Noticed a two-headed ogre
  8554 | D:12     | Reached skill level 17 in Unarmed Combat
  8563 | D:12     | Found a glowing silver altar of Zin.
  8600 | D:12     | Found a hazy altar of Hepliaklqana.
  8619 | D:12     | Noticed a two-headed ogre
  8623 | D:12     | Killed a two-headed ogre
  8662 | D:12     | Found a shimmering altar of Xom.
  8672 | D:12     | Found a shimmering altar of Xom.
  8686 | D:12     | Killed a flayed ghost
  8689 | D:12     | Killed a two-headed ogre
  8693 | D:12     | Identified the ring of Scepticism {Fly rPois rF- Str+6
                  | SInv}
  8779 | D:12     | Reached skill level 5 in Fighting
  8779 | D:12     | Reached skill level 5 in Dodging
  8861 | D:12     | Reached XP level 12. HP: 96/111 MP: 11/11
  8932 | D:12     | Reached skill level 5 in Throwing
  9158 | D:12     | Found Jotutz's Antique Armour Shop.
  9167 | D:12     | Bought a shiny troll leather armour for 396 gold pieces
  9267 | D:11     | Noticed a centaur warrior
  9272 | D:11     | Killed a centaur warrior
  9387 | D:9      | Killed a death yak
  9390 | D:9      | Killed a death yak
  9401 | D:9      | Killed a death yak
  9417 | Lair:1   | Entered Level 1 of the Lair of Beasts
  9423 | Lair:1   | Noticed a catoblepas
  9462 | D:9      | Killed a catoblepas
  9861 | Lair:1   | Identified the +11 triple sword of Ocegg {heavy, SInv}
                  | (Trog gifted it to you on level 1 of the Lair of Beasts)
  9861 | Lair:1   | Received a gift from Trog
 10694 | Lair:2   | Reached XP level 13. HP: 123/123 MP: 12/12
 10888 | Lair:2   | Reached skill level 18 in Unarmed Combat
 11261 | Lair:3   | Found a staircase to the Snake Pit.
 11432 | Lair:3   | Identified the +3 ring mail of the Game of Kings {MP+9}
 11924 | Lair:3   | Received a gift from Trog
 11927 | Lair:3   | Found a staircase to the Swamp.
 12211 | Lair:4   | Identified the ring "Gekotax" {rF+ rC++ Int+4 Dex+2}
 12413 | Lair:4   | Identified the +1 robe of Prudence {Regen+ Int+2 Dex-2}
 12757 | Lair:4   | Found a viscous altar of Jiyva.
 12758 | Lair:4   | Found a staircase to the Slime Pits.
 13062 | Lair:5   | Entered Level 5 of the Lair of Beasts
 13596 | Lair:5   | Reached XP level 14. HP: 136/136 MP: 13/13
 13626 | Lair:5   | Received a gift from Trog
 14447 | Orc:1    | Entered Level 1 of the Orcish Mines
 14447 | Orc:1    | Found Ado Jebieq's Jewellery Shoppe.
 14623 | Orc:2    | Entered Level 2 of the Orcish Mines
 14623 | Orc:2    | Found a staircase to the Elven Halls.
 14680 | Orc:2    | Reached skill level 19 in Unarmed Combat
 15109 | Orc:2    | Received a gift from Trog
 15211 | Orc:2    | Paralysed by an ogre mage for 5 turns
 15295 | Orc:2    | Found Ramikk's Jewellery Boutique.
 15295 | Orc:2    | Found Oteov's Book Shoppe.
 15296 | Orc:2    | Found Keposo's Magic Scroll Shop.
 15296 | Orc:2    | Found Qehirph's Jewellery Shoppe.
 15301 | Orc:2    | Reached skill level 10 in Throwing
 15344 | Orc:2    | Bought a scroll of fog for 44 gold pieces
 15344 | Orc:2    | Bought a scroll of magic mapping for 82 gold pieces
 15354 | Orc:2    | Bought an amulet of regeneration for 420 gold pieces
 15492 | Orc:2    | Reached XP level 15. HP: 136/149 MP: 14/14
 15603 | Orc:2    | Found a shimmering blue altar of Sif Muna.
 15745 | Orc:2    | Found Subrum's Magic Scroll Shop.
 15799 | Orc:2    | Found Zetusi's Jewellery Boutique.
 15971 | Orc:2    | Bought a scroll of noise for 14 gold pieces
 16048 | Orc:2    | Bought a scroll of acquirement for 728 gold pieces
 16048 | Orc:2    | Acquired 1299 gold pieces
 16050 | Orc:2    | Acquired the +2 cloak of the Thief {*Fog Slay-2 SInv
                  | Stlth+}
 16050 | Orc:2    | Found the +2 cloak of the Thief {*Fog Slay-2 SInv Stlth+}
 16331 | Swamp:1  | Entered Level 1 of the Swamp
 16384 | Swamp:1  | Reached skill level 1 in Armour
 16396 | Swamp:1  | Noticed Aizul
 16405 | Lair:3   | Identified the +2 bardiche of Crusades {flame, *Corrode rF+
                  | Dex+9} (Trog gifted it to you on level 3 of the Lair of
                  | Beasts)
 16405 | Lair:3   | Received a gift from Trog
 16456 | Snake:1  | Entered Level 1 of the Snake Pit
 16676 | Snake:1  | Reached skill level 10 in Fighting
 16897 | Snake:1  | Acquired the +1 hat of Integrity {rElec Will+++ Stlth+}
 17571 | Snake:1  | Found a burning altar of Makhleb.
 17698 | Snake:2  | Reached skill level 1 in Shields
 18141 | Snake:2  | Found Heoxza's Book Shop.
 18156 | Snake:2  | Identified the +7 battleaxe "Ymyddott" {flame, rPois Will+
                  | Dex+3} (Trog gifted it to you on level 2 of the Snake Pit)
 18156 | Snake:2  | Received a gift from Trog
 18532 | Snake:2  | Noticed a nagaraja
 18548 | Snake:2  | Slain by a nagaraja

Illustrated notes

Levels and vault maps discovered:
D:1:      dpeg_arrival_brainrot, layout_loops_ring
D:2:      layout_basic, basic_altar, minmay_tetromino_t2
D:3:      layout_loops_ring, uniq_grinder
D:4:      kennysheep_the_goblin_king, layout_basic, trog_butcher_becter,
          mainiacjoe_overflow_24_doors, minmay_temple_entry_large_hall,
          gammafunk_ghost_cemetery, uniq_ijyb
D:5:      cheibrodos_quashed, layout_rooms, tgw_xom, uniq_crazy_yiuf_cottage
D:6:      cheibrodos_steamvent, layout_loops_corners, nrook_campfire
D:7:      wander_river, layout_basic, nicolae_uskayaw_dance_studio,
          mainiacjoe_overflow_catwalk
D:8:      layout_basic, tso_oasis_becter, uniq_joseph
D:9:      layout_big_octagon, nicolae_overflow_hidden_temple,
          dpeg_lair_monsters, uniq_maggie
D:10:     layout_basic, nzn_life_drinkers
D:11:     layout_irregular_city, hiddenorc2_lemuel, minmay_misc_feat_rows,
          minmay_diamond_spiral
D:12:     due_megacathedral, layout_basic, serial_shops, shop
Lair:1:   layout_hall_layers, grunt_megastairs_3, lemuel_fruit_tree,
          lemuel_fruit_fields, lemuel_fruit_fields, infiniplex_staircase_pool_2
Lair:2:   layout_layer_cave, gauntlet_entry_generic
Lair:3:   layout_chaotic_city, nicolae_swamp_entry_splash_gauntlet,
          dummy_snake_entry, chequers_serial_rivers_small_a,
          kilobyte_rumbling_trees
Lair:4:   layout_cave_pods, slime_entry_1, serial_bayou_pond_b,
          eino_house_with_fridge
Lair:5:   evilmike_catoblepas_cave, layout_regular_city
Swamp:1:  layout_basic_swamp, serial_swamp_ruin, evilmike_swamp_ruin_house_4,
          evilmike_swamp_ruin_house_6, evilmike_swamp_ruin_rubble_1,
          swamp_pool1, lemuel_altar_in_water, uniq_aizul
Snake:1:  layout_gridlike, basic_altar, nicolae_integral_box
Snake:2:  layout_concentric_octagons, serial_shops, shop, grunt_ministairs_15,
          serial_bayou_shore_b
Orc:1:    layout_caves, serial_shops, shop, nicolae_orc_damp_corner,
          nicolae_orc_tapped_out
Orc:2:    st_orc_ogre_mass, layout_caves, serial_shops, nicolae_square_shop,
          shop, kennysheep_orc_sif_temple

Skill      XL: |  1  2  3  4  5  6  7  8  9 10 11 12 13 14 15 |
---------------+----------------------------------------------+-----
Unarmed Combat | 4 5 7 8 9 12 14 16 17 18 19 | 19.9
Throwing       | 1 4 6 8 10 11 | 11.0
Fighting       | 5 6 8 9 10 | 10.5
Dodging        | 5 6 8 9 |  9.6
Armour         | 3 |  3.8
Shields        | 2 |  2.5

Action                     |  1- 3 |  4- 6 |  7- 9 | 10-12 | 13-15 || total
---------------------------+-------+-------+-------+-------+-------++-------
  Melee: Unarmed           |    59 |    94 |   224 |   509 |   708 ||  1594
         Punch             |     2 |     3 |     8 |     5 |       ||    18
   Fire: Shortbow          |       |       |    11 |       |       ||    11
  Throw: Large rock        |       |       |       |     3 |    69 ||    72
         Boomerang         |       |       |       |       |    37 ||    37
 Invoke: Berserk           |       |     2 |     5 |     5 |    10 ||    22
         Brothers in Arms  |       |       |       |       |     6 ||     6
         Trog's Hand       |       |       |       |       |     4 ||     4
    Use: Scroll            |       |       |       |    14 |     7 ||    21
         Potion            |       |       |       |       |     2 ||     2
   Stab: Sleeping          |       |     1 |       |       |       ||     1
 Armour: Animal skin       |    24 |    16 |    38 |       |       ||    78
         Steam dragon scal |       |       |    27 |    18 |       ||    45
         Swamp dragon scal |       |       |       |   161 |    59 ||   220
         Troll leather arm |       |       |       |    43 |   119 ||   162
  Dodge: Dodged            |    31 |    28 |   111 |   263 |   353 ||   786

Table legend: (Time is in decaauts)
 A = Elapsed time spent in this place.
 B = Non-inter-level travel time spent in this place.
 C = Inter-level travel time spent in this place.
 D = Time resting spent in this place.
 E = Time spent auto-exploring this place.
 F = Levels seen in this place.
 G = Mean time per level.
                   A        B        C        D        E       F      G
               +--------+--------+--------+--------+--------+-----+--------+
         Total |  18343 |  16824 |   1519 |    558 |  11910 |  22 |  833.8 |
       Dungeon |   9635 |   8740 |    895 |    134 |   6371 |  12 |  802.9 |
          Lair |   4978 |   4585 |    393 |     26 |   3653 |   5 |  995.6 |
         Swamp |     63 |     63 |      0 |      0 |      0 |   1 |   63.0 |
     Snake Pit |   2049 |   2046 |      3 |    238 |   1193 |   2 | 1024.5 |
  Orcish Mines |   1616 |   1389 |    227 |    158 |    693 |   2 |  808.0 |
               +--------+--------+--------+--------+--------+-----+--------+

Top non-repeatable levels by time:
  Lair:2: 1233 daAuts
 Snake:1: 1184 daAuts
  Lair:5: 1179 daAuts
     D:4: 1079 daAuts
  Lair:4: 997 daAuts
    D:11: 954 daAuts
     D:6: 917 daAuts
    D:10: 901 daAuts
     D:8: 900 daAuts
  Lair:3: 898 daAuts
 Snake:2: 864 daAuts
   Orc:2: 839 daAuts
    D:12: 794 daAuts
   Orc:1: 777 daAuts
     D:1: 754 daAuts
